 Dungeon Sprint DCSS version 0.20.1-1-g8b1a95d (webtiles) character file.

417 equalderp2856 the Protected (level 6, 0/62 HPs)
             Began as a Minotaur Fighter on Sept 4, 2017.
             Succumbed to a scorpion's poison
             ... in the Dungeon (Sprint IX: "|||||||||||||||||||||||||||||").
             The game lasted 00:00:39 (307 turns).

equalderp2856 the Protected (Minotaur Fighter)       Turns: 307, Time: 00:00:40

Health: 0/62       AC:  8    Str: 21    XL:     6   Next: 61%
Magic:  5/5        EV: 11    Int:  8    God:
Gold:   0          SH: 12    Dex: 11    Spells: 5/5 levels left

rFire    . . .     SeeInvis .   a - +0 war axe
rCold    . . .     Gourm    .   c - +0 shield
rNeg     . . .     Faith    .   b - +0 scale mail
rPois    .         Spirit   .   (helmet restricted)
rElec    .         Reflect  .   (no cloak)
rCorr    .         Harm     .   (no gloves)
MR       .....     NoTele   +   (no boots)
Stlth    ..........             (no amulet)
Regen    0.2/turn               q - +3 ring of intelligence
MPRegen  0.1/turn               r - +2 ring of evasion

@: lethally poisoned (0 -> -3)
A: retaliatory headbutt, horns 2
a: no special abilities


You were in the Dungeon.
You were not hungry.

You visited 1 branch

Inventory:

Hand Weapons
 a - a +0 war axe (weapon)
 p - a +1 broad axe of chopping
Armour
 b - a +0 scale mail (worn)
 c - a +0 shield (worn)
Jewellery
 q - a +3 ring of intelligence (left hand)
 r - a +2 ring of evasion (right hand)
Wands
 o - a wand of iceblast (7/15)
Scrolls
 k - 2 scrolls of blinking
 m - 3 scrolls of remove curse
 n - 2 scrolls of amnesia
Potions
 d - a potion of might
 e - a potion of invisibility
 g - 3 potions of heal wounds
 h - a potion of haste
 i - 4 potions of magic
 j - a potion of berserk rage
 l - 4 potions of curing
Comestibles
 f - a bread ration


   Skills:
 + Level 8.8 Fighting
 + Level 8.1 Axes
 + Level 10.0 Armour
 + Level 0.2 Dodging
 + Level 9.8 Shields


You had 5 spell levels left.
You didn't know any spells.

Dungeon Overview and Level Annotations

Branches:
Dungeon (1/1)

Altars:
Cheibriados
Dithmenos
Elyvilon
Fedhas
Gozag
Hepliaklqana
Kikubaaqudgha
Makhleb
Nemelex Xobeh
Okawaru
Qazlal
Ru
Sif Muna
Trog
Uskayaw
Vehumet
Xom
Yredelemnul
Zin
The Shining One
Beogh
Jiyva
Lugonu


Innate Abilities, Weirdness & Mutations

You reflexively headbutt those who attack you in melee.
You have a pair of horns on your head.


Message History

You headbutt the centaur, but do no damage.
You feel sick. The centaur hits you!
* * * LOW HITPOINT WARNING * * *
The orc warrior barely misses you.
You barely miss the centaur. You headbutt the centaur!
The centaur is moderately wounded.
You block the centaur's attack. x2
The orc warrior hits you from afar with a halberd!
* * * LOW HITPOINT WARNING * * *
You slash the centaur!
The centaur is severely wounded.
* * * LOW HITPOINT WARNING * * *
You feel sick. The centaur closely misses you. You furiously retaliate!
You headbutt the centaur, but do no damage.
You block the centaur's attack. You block the orc warrior's attack.
You slice the centaur!!
You kill the centaur!
Your Axes skill increases to level 8!
Your Armour skill increases to level 10!
You die...

▓.▓
▓.▓
▓|▓
▓)▓
▓[▓
▓[▓
▓[▓
▓.▓
▓@▓
▓)▓
▓o▓
▓K▓
▓.▓
▓.▓
▓.▓
▓.▓


You could see an orc warrior and a big kobold.

Vanquished Creatures
  A necrophage (D)
  3 centaurs (D)
  A scorpion (D)
  A quasit (D)
  An orc (D)
  A ball python (D)
  A bat zombie (D)
  2 goblins (D)
  A bat (D)
  A quokka zombie (D)
  A rat (D)
14 creatures vanquished.

Notes
Turn   | Place    | Note
-------+----------+-------------------------------------------
     0 | D        | equalderp2856 the Minotaur Fighter began the quest for the Orb.
     0 | D        | Reached XP level 1. HP: 19/19 MP: 0/0
     9 | D        | Reached skill level 4 in Armour
    19 | D        | Noticed a centaur
    19 | D        | Noticed a centaur
    26 | D        | Killed a centaur
    26 | D        | Reached skill level 6 in Armour
    26 | D        | Reached XP level 2. HP: 6/30 MP: 1/1
    26 | D        | Reached XP level 3. HP: 8/37 MP: 2/2
    26 | D        | Reached XP level 4. HP: 10/44 MP: 3/3
    34 | D        | Killed a centaur
    34 | D        | Reached skill level 5 in Axes
    34 | D        | Reached skill level 7 in Armour
    34 | D        | Reached XP level 5. HP: 13/52 MP: 4/4
   233 | D        | Found a roughly hewn altar of Beogh.
   233 | D        | Found a snail-covered altar of Cheibriados.
   233 | D        | Found a shadowy altar of Dithmenos.
   233 | D        | Found a white marble altar of Elyvilon.
   233 | D        | Found a blossoming altar of Fedhas.
   233 | D        | Found an opulent altar of Gozag.
   234 | D        | Found a hazy altar of Hepliaklqana.
   241 | D        | Found a viscous altar of Jiyva.
   242 | D        | Found an ancient bone altar of Kikubaaqudgha.
   243 | D        | Found a corrupted altar of Lugonu.
   244 | D        | Found a burning altar of Makhleb.
   245 | D        | Found a sparkling altar of Nemelex Xobeh.
   246 | D        | Found an iron altar of Okawaru.
   247 | D        | Found a stormy altar of Qazlal.
   248 | D        | Found a sacrificial altar of Ru.
   249 | D        | Found a deep blue altar of Sif Muna.
   250 | D        | Found a bloodstained altar of Trog.
   251 | D        | Found a hide-covered altar of Uskayaw.
   252 | D        | Found a radiant altar of Vehumet.
   254 | D        | Found a shimmering altar of Xom.
   255 | D        | Found a basalt altar of Yredelemnul.
   256 | D        | Found a glowing silver altar of Zin.
   257 | D        | Found a glowing golden altar of the Shining One.
   292 | D        | Noticed a necrophage
   292 | D        | Noticed a centaur
   292 | D        | Noticed an orc warrior
   296 | D        | Reached skill level 8 in Armour
   303 | D        | Killed a necrophage
   303 | D        | Reached skill level 9 in Armour
   303 | D        | Reached XP level 6. HP: 27/62 MP: 5/5
   305 | D        | HP: 2/62 [orc warrior/halberd (15)]
   307 | D        | Reached skill level 10 in Armour
   307 | D        | Succumbed to a scorpion's poison

Skill      XL: |  1  2  3  4  5  6 |
---------------+-------------------+-----
Fighting       | 6 7 8 |  8.8
Armour         | 6 7 9 10 | 10.0
Shields        | 6 7 9 |  9.8
Axes           | 4 5 7 8 |  8.1
Dodging        | |  0.2

Action                   |  1- 3 |  4- 6 || total
-------------------------+-------+-------++-------
Melee: War axe           |    15 |    23 ||    38
       Headbutt          |     2 |     5 ||     7
  Use: Potion            |       |     1 ||     1
Armor: Scale mail        |     8 |     4 ||    12
Dodge: Dodged            |     4 |     8 ||    12
Block: Shield            |     6 |    16 ||    22
